AoeStats
← 他并不是一个笨比

Arena

508789614Analyzed
1v1 RM · 8d ago on Sep 24, 2026· 34m 25s· 2 players
Game mode
Random Map
Map size
Tiny (2 player)
Population
200
Speed
Normal
Resources
Standard
Victory
Conquest
Starting age
Dark Age
Ending age
Imperial Age
RankedLock teamsTeams togetherTeam positionsShared explorationLock speedFull tech treeHidden civsTurbo modeCheats
Victory
Defeat
1053
+16
🇨🇳 Portuguese · China
1052
-16
叶初阳
9:21 Loom
11:30 Feudal Age
15:50 Castle Age
14:00 Horse Collar
14:51 Double-Bit Axe
18:36 Bow Saw
21:37 Wheelbarrow
21:42 Stone Mining
22:51 Gold Mining
30:09 Imperial Age
28:57 Hand Cart
29:18 Masonry
29:31 Ballistics
29:38 Heavy Plow
30:20 Town Watch
31:58 Chemistry
30:37 Onager
31:29 Town Patrol
33:19 Arquebus
33:07 Pikeman
他并不是一个笨比
11:03 Feudal Age
11:48 Double-Bit Axe
12:13 Horse Collar
14:37 Castle Age
16:11 Bow Saw
17:48 Town Watch
17:56 Loom
20:38 Wheelbarrow
20:37 Stone Mining
21:44 Gold Mining
22:52 Hand Cart
24:26 Stone Shaft Mining
25:15 Bloodlines
25:07 Husbandry
24:32 Light Cavalry
28:18 Imperial Age
26:18 Forging
26:14 Scale Barding Armor
28:42 Iron Casting
28:28 Chain Barding Armor
29:26 Ballistics
30:09 Chemistry
29:49 Husbandry
29:10 Light Cavalry
31:17 Blast Furnace
31:32 Masonry
31:23 Hussar
33:02 Plate Barding Armor
33:28 Conscription
Connection lost

Rejoining the realm…

Still unreachable

The connection could not be restored.

Session expired

The server has moved on; the page needs a fresh start.